 Dungeon Crawl Stone Soup version 0.19.1-1-g22dce08 (webtiles) character file.

1935 dalore the Fighter (level 8, -4/79 HPs)
             Began as a Minotaur Berserker on Jan 1, 2017.
             Was an Elder of Trog.
             Slain by an orc warrior
             ... wielding a +0 glaive
              (10 damage)
             ... in a bailey on Jan 2, 2017.
             The game lasted 00:50:50 (6020 turns).

dalore the Fighter (Minotaur Berserker)             Turns: 6020, Time: 00:50:51

Health: -4/79      AC:  9    Str: 23    XL:     8   Next: 97%
Magic:  7/7        EV: 10    Int:  4    God:    Trog [****..]
Gold:   691        SH:  3    Dex: 11    Spells: 0 memorised, 7 levels left

rFire  . . .     SeeInvis .     q - +2 flail (drain)
rCold  . . .     Gourm    .     f - +0 scale mail
rNeg   . . .     Faith    .     w - +0 buckler
rPois  .         Spirit   .     (helmet restricted)
rElec  .         Reflect  .     (no cloak)
rCorr  +         Harm     .     (no gloves)
MR     .....                    t - +0 pair of boots
Stlth  ..........               y - amulet of regeneration {+regen, !d}
                                (no ring)
                                u - ring of resist corrosion

@: exhausted, slowed, very slow
A: retaliatory headbutt, horns 2
a: Berserk, Trog's Hand, Brothers in Arms, Burn Spellbooks, Renounce Religion


You were in a bailey.
You worshipped Trog.
Trog was greatly pleased with you.
You were very hungry.

You visited 2 branches of the dungeon, and saw 8 of its levels.
You also visited: Bailey.

You collected 691 gold pieces.

Inventory:

Hand Weapons
 q - a +2 flail of draining (weapon)
   (You took it off an orc priest on level 4 of the Dungeon)
Missiles
 v - a throwing net {=f, !d}
Armour
 f - a +0 scale mail (worn)
   (You took it off an orc in a bailey)
 t - a +0 pair of boots (worn)
   (You found it on level 3 of the Dungeon)
 w - a +0 buckler (worn)
   (You found it on level 5 of the Dungeon)
Jewellery
 u - a ring of resist corrosion (left hand)
   (You found it on level 4 of the Dungeon)
 y - an amulet of regeneration (around neck) {+regen, !d}
   (You found it on level 5 of the Dungeon)
Scrolls
 a - 2 scrolls of enchant armour {unknown}
 e - 3 scrolls of identify
 g - a scroll of noise {unknown}
 j - a scroll of magic mapping {!r}
 l - 4 scrolls of remove curse
 o - a scroll of fog {unknown}
 p - a scroll of random uselessness {unknown}
 x - a scroll of holy word {unknown}
 z - a scroll of amnesia {unknown}
 A - a scroll of enchant weapon {unknown}
Potions
 b - a potion of cure mutation {unknown}
 d - 3 potions of flight {unknown}
 i - a potion of haste {unknown}
 k - 2 potions of mutation {unknown}
 m - 2 potions of lignification {unknown}
 s - 2 potions of curing
 E - a potion of might {unknown}
Comestibles
 c - 3 bread rations {@e1}
 B - 4 chunks of flesh {@w0}
 D - a beef jerky


   Skills:
 + Level 9.9 Fighting
 + Level 8.8 Maces & Flails
 + Level 7.0 Armour
 - Level 2.1 Dodging
 + Level 1.3 Shields


You had 7 spell levels left.
You didn't know any spells.

Dungeon Overview and Level Annotations

Branches:
Dungeon (7/15)             Temple (1/1) D:4

Altars:
Ashenzari
Cheibriados
Dithmenos
Elyvilon
Gozag
Hepliaklqana
Kikubaaqudgha
Makhleb
Ru
Sif Muna
Trog
Yredelemnul
The Shining One

Shops:
D:7 =

Annotations:
D:3 1 runed door


Innate Abilities, Weirdness & Mutations

You reflexively headbutt those who attack you in melee.
You have a pair of horns on your head.


Message History

The orc hits you but does no damage. The orc barely misses you.
The orc barely misses you.
The orc warrior hits you but does no damage.
The orc warrior barely misses you. The orc hits you with a spear.
You take 3 damage, and have 76/79 hp.
You closely miss the orc. You headbutt the orc.
The orc hits you but does no damage. The orc warrior closely misses you.
You block the orc warrior's attack.
You barely miss the orc. The orc barely misses you. You furiously retaliate!
You headbutt the orc!
You kill the orc!
Trog accepts your kill.
The orc hits you from afar with a spear.
The orc warrior closely misses you.
You take 1 damage, and have 76/79 hp.
You block the orc warrior's attack. The orc hits you but does no damage.
The orc warrior barely misses you.
You sock the orc warrior! You headbutt the orc warrior.
The orc suddenly curses.
The orc warrior hits you with a glaive!!
The orc closely misses you. The orc warrior closely misses you.
You take 22 damage, and have 55/79 hp.
MASSIVE DAMAGE!!
A red film seems to cover your vision as you go berserk!
You feel yourself moving faster!
You feel mighty!
You are feeling very hungry.
You block the orc's attack.
The orc warrior hits you but does no damage. x2
The orc warrior closely misses you.
You now have 83/118 hp.
You barely miss the orc warrior. You headbutt the orc warrior.
You thump the orc warrior!
You feel the power of Trog in you as your rage grows.
You kill the orc warrior!
Trog accepts your kill.
Your Armour skill increases to level 7!
The orc hits you from afar with a spear.
The orc warrior barely misses you. x2
You take 3 damage, and have 80/118 hp.
You feel a strong urge to attack something.
The orc warrior hits you from afar with a glaive!
You take 14 damage, and have 66/118 hp.
You barely miss the orc. The orc barely misses you.
The orc warrior hits you from afar with a spear.
You take 1 damage, and have 65/118 hp.
You bludgeon the orc!!
You kill the orc!
Trog accepts your kill. The orc warrior barely misses you.
You feel a strong urge to attack something.
You block the orc warrior's attack.
You sock the orc warrior! You drain the orc warrior!
You closely miss the orc warrior.
You are no longer berserk.
You are exhausted.
You feel yourself slow down. The orc hits you with a hand axe.
The orc warrior hits you with a spear. The orc hits you but does no damage.
The orc warrior misses you.
You now have 36/79 hp.
You hit the orc warrior but do no damage.
The orc warrior hits you with a spear. The orc hits you but does no damage.
The orc warrior barely misses you. The orc barely misses you.
You furiously retaliate!
You headbutt the orc. You block the orc warrior's attack.
You take 1 damage, and have 35/79 hp.
You hit the orc warrior. Your headbutt misses the orc warrior.
The orc hits you but does no damage. You block the orc's attack.
The orc misses you.
The orc warrior hits you from afar with a glaive!
The orc warrior hits you with a spear.
* * * LOW HITPOINT WARNING * * *
The orc hits you but does no damage. x3; The orc hits you with a hand axe.
* * * LOW HITPOINT WARNING * * *
You take 16 damage, and have 19/79 hp.
MASSIVE DAMAGE!!
You feel better. The orc warrior hits you with a spear!
* * * LOW HITPOINT WARNING * * *
The orc hits you from afar with a spear.
* * * LOW HITPOINT WARNING * * *
The orc barely misses you. You block the orc's attack.
The orc warrior closely misses you. The orc hits you but does no damage.
The orc warrior hits you with a spear.
* * * LOW HITPOINT WARNING * * *
The orc barely misses you. The orc warrior barely misses you.
The orc hits you with a hand axe.
* * * LOW HITPOINT WARNING * * *
You take 1 damage, and have 18/79 hp.
The orc warrior closely misses you. The orc hits you but does no damage.
Okay, then.
The orc warrior hits you from afar with a glaive!!
* * * LOW HITPOINT WARNING * * *
There is an open door, spattered with blood here.
You take 18 damage, and have 2/79 hp.
MASSIVE DAMAGE!!
You feel better.
The orc warrior hits you from afar with a spear.
* * * LOW HITPOINT WARNING * * *
The orc warrior hits you from afar with a glaive!
You die...

### ############ ....
##.......[∩.## .....
######........))).#
.....o#..o.#........))).#
.....o)ooo.@...........∩#
......#o.o.#............#
..... ######............#
.... ##........∩.## ###
############


You could see 2 orc warriors and 6 orcs.

Vanquished Creatures
  The ghost of asdu the Digger, an amateur OpEE of Cheibriados (D:4)
  Sigmund (D:2)
  Menkaure (D:5)
  3 orc warriors (Bailey)
  A sky beast (D:5)
  An ice beast (D:6)
  A phantom (D:5)
  An ogre (D:4)
  2 centaurs (D:5)
  A wyvern zombie (D:7)
  4 orc priests
  A hound (D:6)
  An iguana (D:7)
  5 orc wizards
  3 worker ants
  2 hound zombies
  A hound skeleton (D:4)
  3 gnolls
  5 adders
  A shadow imp (D:5)
  An adder zombie (D:7)
  4 worms
  3 leopard geckos
  32 orcs
  8 bats
  7 giant cockroaches
  8 goblins
  10 hobgoblins
  2 jackals (D:1)
  A quokka (D:4)
  6 frilled lizards
  A giant cockroach zombie (D:5)
  A goblin zombie (D:3)
  A jackal skeleton (D:4)
  9 kobolds
  A kobold skeleton (D:3)
  A leopard gecko zombie (D:5)
  9 rats
  A bush (D:1)
  2 plants (D:1)
147 creatures vanquished.

Vanquished Creatures (others)
  A plant (D:1)
1 creature vanquished.

Grand Total: 148 creatures vanquished

Notes
Turn   | Place    | Note
-------+----------+-------------------------------------------
     0 | D:1      | dalore the Minotaur Berserker began the quest for the Orb.
     0 | D:1      | Reached XP level 1. HP: 19/19 MP: 0/0
    89 | D:1      | Reached skill level 4 in Fighting
   143 | D:2      | Reached XP level 2. HP: 19/28 MP: 1/1
   463 | D:1      | Reached skill level 5 in Fighting
   841 | D:1      | Reached XP level 3. HP: 29/36 MP: 2/2
  1467 | D:2      | Reached ** piety under Trog
  1551 | D:3      | Reached XP level 4. HP: 44/44 MP: 3/3
  1555 | D:3      | Reached skill level 6 in Fighting
  1692 | D:2      | Found a deep blue altar of Sif Muna.
  2084 | D:2      | Found a glowing golden altar of the Shining One.
  2144 | D:2      | Noticed Sigmund
  2151 | D:2      | Killed Sigmund
  2151 | D:2      | Reached skill level 7 in Fighting
  2151 | D:2      | Reached skill level 4 in Armour
  2151 | D:2      | Reached XP level 5. HP: 52/52 MP: 4/4
  2216 | D:3      | Noticed a human
  2217 | D:3      | Found a runed door.
  2229 | D:3      | Reached XP level 6. HP: 60/60 MP: 5/5
  2290 | D:2      | You fall through a shaft for 2 floors!
  2317 | D:4      | Reached skill level 8 in Fighting
  2501 | D:3      | Found a basalt altar of Yredelemnul.
  3055 | D:3      | Reached *** piety under Trog
  3326 | D:3      | Reached skill level 4 in Maces & Flails
  3624 | D:5      | Entered Level 5 of the Dungeon
  3774 | D:4      | Found a shattered altar of Ashenzari.
  3815 | D:4      | Noticed asdu's ghost (amateur OpEE)
  3820 | D:4      | Killed asdu's ghost
  3820 | D:4      | Reached skill level 5 in Maces & Flails
  3820 | D:4      | Reached XP level 7. HP: 69/69 MP: 6/6
  3927 | D:4      | Reached skill level 5 in Armour
  3957 | D:4      | Found a staircase to the Ecumenical Temple.
  3966 | Temple   | Entered the Ecumenical Temple
  4229 | D:4      | Found a snail-covered altar of Cheibriados.
  4679 | D:5      | Noticed Menkaure
  4684 | D:5      | Killed Menkaure
  4684 | D:5      | Reached skill level 9 in Fighting
  4684 | D:5      | Reached skill level 6 in Maces & Flails
  4808 | D:5      | Reached XP level 8. HP: 71/78 MP: 7/7
  4935 | D:5      | Reached skill level 7 in Maces & Flails
  5307 | D:5      | Reached skill level 6 in Armour
  5693 | D:6      | Reached skill level 8 in Maces & Flails
  5759 | D:7      | Found Cuptint's Jewellery Emporium.
  5799 | D:7      | Found a flagged portal.
  5830 | Bailey   | Entered a bailey
  5846 | Bailey   | Reached **** piety under Trog
  5859 | Bailey   | HP: 27/118 [orc/trident (7)]
  5860 | Bailey   | Reached skill level 1 in Shields
  5864 | Bailey   | HP: 16/79 [orc/trident (5)]
  6004 | Bailey   | Reached skill level 7 in Armour
  6014 | Bailey   | HP: 19/79 [orc/hand axe (4)]
  6019 | Bailey   | HP: 2/79 [orc warrior/glaive (19)]
  6020 | Bailey   | Slain by an orc warrior

Skill      XL: |  1  2  3  4  5  6  7  8 |
---------------+-------------------------+-----
Fighting       | 4 5 7 8 9 |  9.9
Armour         | 4 5 7 |  7.0
Maces & Flails | 5 6 8 |  8.8
Shields        | 1 |  1.3
Dodging        | |  2.1

Action                   |  1- 3 |  4- 6 |  7- 9 || total
-------------------------+-------+-------+-------++-------
Melee: Mace              |   166 |    50 |       ||   216
       Headbutt          |    54 |    19 |    28 ||   101
       Flail             |       |    81 |   153 ||   234
Invok: Berserk           |     1 |     3 |     3 ||     7
       Trog's Hand       |       |     4 |     2 ||     6
       Burn Spellbooks   |       |     2 |       ||     2
  Use: Scroll            |       |     2 |     4 ||     6
       Potion            |       |       |     2 ||     2
  Eat: Chunk             |     2 |    12 |     4 ||    18
       Beef jerky        |       |       |     1 ||     1
       Meat ration       |       |       |     1 ||     1
Armor: Animal skin       |    11 |       |       ||    11
       Scale mail        |     3 |    36 |    61 ||   100
       Ring mail         |     2 |       |       ||     2
       Leather armour    |       |     3 |     3 ||     6
Dodge: Dodged            |    50 |    57 |   122 ||   229
Block: Buckler           |       |       |    25 ||    25

Vault maps used:
D:1:      lemuel_arrival_muddy, serial_forest, infiniplex_forest_lined_room_3,
          infiniplex_forest_end_1, infiniplex_forest_clump_diagonal,
          infiniplex_forest_corner_1, infiniplex_forest_pool
D:2:      lemuel_doored_altar, nicolae_overflow_crystal_walls, uniq_sigmund
D:3:      glass_columns_a, dk_yredelemnul_ordeal
D:4:      kennysheep_mini_moat, cheibriados_altar_wand_db, first_bread
D:5:      uniq_menkaure
D:6:      minitemple, kennysheep_generic_room_11, uniq_grinder,
          uniq_prince_ribbit1
D:7:      serial_shops, shop, enter_bailey_7, the_bakery
Temple:   nicolae_temple_figure_zero
Bailey:   bailey_polearm_5, bailey

Table legend:
 A = Turns spent in this place as a percentage of turns spent in the entire game.
 B = Non-inter-level travel turns spent in this place as a percentage of non-inter-level travel turns spent in the entire game.
 C = Inter-level travel turns spent in this place as a percentage of turns spent in this place.
 D = Turns resting spent in this place as a percentage of non-inter-level travel turns spent in this place.
 E = Turns spent auto-exploring this place as a percentage of non-inter-level travel turns spent in this place.
 F = Non-inter-level travel turns spent in this place divided by the number of levels of this place that you've seen.
                   A       B       C       D       E      F
               +-------+-------+-------+-------+-------+----------------------
         Total | 100.0 | 100.0 |   3.8 |   4.5 |  12.7 | 143.1
       Dungeon |  91.3 |  91.0 |   4.1 |   4.4 |  12.7 | 167.4
        Temple |   1.6 |   1.6 |   4.5 |   0.0 |  47.6 |  21.0
        Bailey |   7.1 |   7.4 |   0.0 |   6.3 |   5.3 |  95.0
               +-------+-------+-------+-------+-------+----------------------

Table legend:
 A = Kills in this place as a percentage of kills in entire the game.
 B = Kills by you in this place as a percentage of kills by you in the entire game.
 C = Kills by friends in this place as a percentage of kills by friends in the entire game.
 D = Other kills in this place as a percentage of other kills in the entire game.
 E = Experience gained in this place as a percentage of experience gained in the entire game.
 F = Experience gained in this place divided by the number of levels of this place that you have seen.
                   A       B       C       D       E      F
               +-------+-------+-------+-------+-------+----------------------
         Total | 100.0 | 100.0 |  -nan |  -nan | 100.0 | 307.2
       Dungeon |  88.9 |  88.9 |  -nan |  -nan |  84.1 | 332.0
        Bailey |  11.1 |  11.1 |  -nan |  -nan |  15.9 | 441.0
               +-------+-------+-------+-------+-------+----------------------
